 Dungeon Crawl Stone Soup version 0.27.1-3-gb3d3a73c9e (webtiles) character file.

Game seed: 13926555621618571461

122 Urokeeper the Bolt Thrower (level 5, 0/30 HPs)
             Began as a Kobold Hunter on Oct 11, 2021.
             Killed from afar by Ijyb (8 damage)
             ... with an iceblast
             ... on level 3 of the Dungeon.
             The game lasted 00:06:09 (2339 turns).

Urokeeper the Bolt Thrower (Kobold Hunter)          Turns: 2339, Time: 00:06:09

Health: 0/30       AC:  4    Str: 10    XL:     5   Next: 27%
Magic:  5/5        EV: 14    Int: 12    God:
Gold:   54         SH:  0    Dex: 16    Spells: 4/4 levels left

rFire    . . .     SeeInvis +   b - +0 short sword
rCold    . . .     Faith    .   (shield restricted)
rNeg     . . .     Spirit   .   c - +0 leather armour
rPois    .         Reflect  .   i - +0 helmet
rElec    .         Harm     .   (no cloak)
rCorr    .         Rampage  .   (no gloves)
Will     .....                  (no boots)
Stlth    +++.......             g - amulet of regeneration
HPRegen  1.10/turn              q - ring of see invisible
MPRegen  0.09/turn              (no ring)

@: no status effects
A: small, no large weapons, nightstalker 3
a: no special abilities


You were on level 3 of the Dungeon.
You visited 1 branch of the dungeon, and saw 3 of its levels.

You collected 54 gold pieces.

Inventory:

Hand Weapons
 a - a +1 hand crossbow
 b - a +0 short sword (weapon)
Missiles
 h - 17 poisoned darts (quivered)
Armour
 c - a +0 leather armour (worn)
 i - a +0 helmet (worn)
Jewellery
 g - an amulet of regeneration (around neck)
 q - a ring of see invisible (left hand)
Scrolls
 e - a scroll of brand weapon {unknown}
 j - a scroll of blinking {unknown}
 k - a scroll of enchant armour {unknown}
 n - a scroll of vulnerability {unknown}
 r - a scroll of identify {unknown}
Potions
 f - 4 potions of curing {unknown}
 l - 2 potions of heal wounds {unknown}
 m - a potion of flight {unknown}
 o - a potion of lignification {unknown}
 p - 2 potions of ambrosia {unknown}


   Skills:
 - Level 2.1 Fighting
 + Level 7.5 Crossbows
 - Level 2.4 Dodging
 - Level 1.3 Stealth


You had 4 spell levels left.
You didn't know any spells.
Your spell library contained the following spells:

 Spells                   Type           Power      Damage    Failure   Level
 Blink                    Tloc           N/A        N/A       56%         2
 Corpse Rot               Necr/Air       N/A        N/A       56%         2
 Poisonous Vapours        Pois/Air       0%         N/A       56%         2
 Lesser Beckoning         Tloc           0%         N/A       80%         3
 Freezing Cloud           Conj/Ice/Air   0%         6-21      100%        5
 Manifold Assault         Tloc           0%         N/A       100%        5


Dungeon Overview and Level Annotations

Branches:
Dungeon (3/15)

Altars:
Makhleb

Annotations:
D:3 Grinder, Ijyb


Innate Abilities, Weirdness & Mutations

You are small and have problems with some larger weapons.
You are completely attuned to the shadows.


Message History

You shoot a bolt. The bolt hits the bat.
The bat is moderately wounded.
The bat hits you but does no damage. The bat misses you.
You shoot a bolt. The bolt hits the bat.
You kill the bat!
d - 3 bolts (gained 1) Ijyb the Twisted Goblin comes into view.
She is wielding a +4 dagger of protection and carrying a wand of iceblast (9).
Ijyb is nearby!
You shoot a bolt. The bolt hits Ijyb!
Ijyb shouts!
Ijyb is moderately wounded.
Ijyb zaps a wand.
The mass of ice explodes!
The iceblast engulfs you!
You shoot a bolt. The bolt hits Ijyb.
Ijyb is heavily wounded.
You shoot a bolt. The bolt hits Ijyb!
Ijyb is almost dead.
You do not have any ammo quivered for your +1 hand crossbow.
You do not have any ammo quivered for your +1 hand crossbow.
You do not have any ammo quivered for your +1 hand crossbow.
Ijyb is nearby!
Ijyb is nearby!
Ijyb is nearby!
Ijyb is nearby!
b - a +0 short sword (weapon)
You closely miss Ijyb.
Ijyb is almost dead.
Ijyb hits you with a +4 dagger of protection.
You hit Ijyb but do no damage.
Ijyb is almost dead.
Ijyb hits you but does no damage.
You closely miss Ijyb.
Ijyb is almost dead.
Ijyb hits you with a +4 dagger of protection.
You closely miss Ijyb.
Ijyb is almost dead.
Ijyb hits you with a +4 dagger of protection!
Ijyb hits you with a +4 dagger of protection.
* * * LOW HITPOINT WARNING * * *
Ijyb zaps a wand.
The mass of ice explodes!
The iceblast engulfs you!
You die...

#.# #### #.# ##...#
#.# ##...((
##.###..g(..
########.....@..(..
####.........###......
#........>...# ##..(..
##)#.######..# ##...#
##.#.# #..# ######
...#.# #..# ##<##
####.# #..# #...# #.#
#..# ######.8.######
##...##...##...##


You could see Ijyb.

Vanquished Creatures
  2 gnolls (D:2)
  4 adders (D:2)
  A worm (D:3)
  A dart slug (D:2)
  6 endoplasms
  A giant cockroach (D:2)
  5 goblins
  3 hobgoblins
  10 jackals
  5 quokkas
  8 ball pythons
  3 bats
  A frilled lizard (D:3)
  5 kobolds
  5 rats
60 creatures vanquished.

Vanquished Creatures (others)
  23 plants (D:2)
23 creatures vanquished.

Grand Total: 83 creatures vanquished

Notes
Turn   | Place    | Note
-------+----------+-------------------------------------------
     0 | D:1      | Urokeeper the Kobold Hunter began the quest for the Orb.
     0 | D:1      | Reached XP level 1. HP: 12/12 MP: 1/1
    50 | D:1      | Reached skill level 5 in Crossbows
   108 | D:1      | Found a faded altar of an unknown god.
   163 | D:1      | You fall into a shaft and drop 1 floor!
   170 | D:2      | Reached XP level 2. HP: 17/17 MP: 2/2
   253 | D:2      | Reached XP level 3. HP: 21/21 MP: 3/3
   360 | D:2      | Reached skill level 6 in Crossbows
  1100 | D:1      | Reached XP level 4. HP: 26/26 MP: 4/4
  1405 | D:2      | Reached skill level 7 in Crossbows
  1618 | D:2      | Reached XP level 5. HP: 30/30 MP: 5/5
  1986 | D:3      | Found a burning altar of Makhleb.
  1988 | D:3      | Noticed a green death
  1989 | D:3      | Noticed an orange demon
  1989 | D:3      | Noticed a hellwing
  2131 | D:3      | Noticed Grinder
  2144 | D:3      | Paralysed by Grinder for 2 turns
  2330 | D:3      | Noticed Ijyb
  2339 | D:3      | Killed from afar by Ijyb

Illustrated notes

Levels and vault maps discovered:
D:1:      tarquinn_simple_flora_water_b, layout_basic,
          ebering_ecumenical_altar_abandoned, hangedman_decor_diamond_cutter,
          st_stairs_8
D:2:      wad_woods_tower, layout_loops_ring, nicolae_underground_beach
D:3:      layout_loops_ring, makhleb_altar_promises_db,
          kennysheep_orc_sif_temple, grunt_ministairs_4,
          lexackson_kobold_supper, uniq_ijyb, uniq_grinder

Skill      XL: |  1  2  3  4 |
---------------+-------------+-----
Crossbows      | 5 6 7 |  7.5
Fighting       | |  2.1
Dodging        | |  2.4
Stealth        | |  1.3

Action                   |  1- 3 |  4- 6 || total
-------------------------+-------+-------++-------
Melee: Short sword       |       |     6 ||     6
 Fire: Hand crossbow     |    55 |    76 ||   131
Armor: Leather armour    |     5 |     9 ||    14
Dodge: Dodged            |    17 |    34 ||    51
